 Dungeon Crawl Stone Soup version 0.31.0-1-g2c135a008e (webtiles) character file.

Game seed: 1531520623290599269

1790 qw the Skirmisher (level 9, -1/65 HPs)
             Began as a Djinni Hunter on Jan 24, 2024.
             Slain by a wight
             ... wielding a +3 flail
              (2 damage)
             ... on level 7 of the Dungeon.
             The game lasted 00:00:26 (6552 turns).

qw the Skirmisher (Djinni Hunter)                   Turns: 6552, Time: 00:00:26

Health: -1/65      AC:  5    Str: 10    XL:     9   Next: 30%
Gold:   211        EV: 15    Int: 12    God:
                   SH:  0    Dex: 20

rFire   + . .        f - +0 longbow
rCold   . . .        (shield currently unavailable)
rNeg    . . .        c - +0 leather armour
rPois   inf          j - +1 helmet
rElec   .            (no cloak)
rCorr   .            (no gloves)
SInv    .            (boots unavailable)
Will    .....        (no amulet)
Stlth   ++           h - ring of ice
HPRegen 0.30/turn    (no ring)
MPRegen 0.00/turn

%: infuse magic (-2 HP)
@: flying
A: sickness immunity, fire resistance 2, cold vulnerability 1, float, innate
caster, HP casting, extra vitality 1
a: no special abilities


You were on level 7 of the Dungeon.
You visited 1 branch of the dungeon, and saw 7 of its levels.

You collected 372 gold pieces.
You spent 161 gold pieces at shops.


Innate Abilities, Weirdness & Mutations

You are immune to sickness and miasma.
You are immune to poison.
Your flesh is very heat resistant. (rF++)
You are vulnerable to cold. (rC-)
You float through the air rather than walking.
You learn spells naturally, not from books.
Your magical power is your life essence.
You have superior vitality. (+4 MHP)


   Skills:
 + Level 5.1 Fighting
 - Level 8.0 Ranged Weapons
 - Level 1.6 Armour
 - Level 6.2 Dodging
 - Level 0.7 Stealth


You knew the following spells:

 Your Spells              Type           Power      Damage    Failure   Level
a - Necrotise             Necr           0%         1d4       41%         1
b - Call Imp              Summ           0%         N/A       54%         2
c - Fugue of the Fallen   Necr           0%         N/A       78%         3
d - Passwall              Erth           0%         N/A       78%         3
Your spell library was empty.

Inventory:

Hand Weapons
 f - a +0 longbow (weapon)
Armour
 c - a +0 leather armour (worn)
 j - a +1 helmet (worn)
Jewellery
 h - a ring of ice (left hand)
Wands
 e - a wand of digging (5)
 n - a wand of light (5)
Scrolls
 b - a scroll of identify
 l - a scroll of teleportation
Potions
 a - a potion of resistance
 d - 4 potions of curing
 g - a potion of haste
 k - a potion of heal wounds

Dungeon Overview and Level Annotations

Branches:
Dungeon (7/15)
 Temple: D:4-7

Altars:
Uskayaw
Wu Jian

Shops:
D:2 ?   D:4 ([?


Message History

The orc priest calls down the wrath of Beogh upon you.
Beogh smites you!
You hear a shout! x2
Enter note:
6542 ||| RETREEEEATING.
The wight misses you.
Enter note:
Enter note:
6543 ||| RETREEEEATING.
An ufetubus comes into view.
Enter note:
Enter note:
6544 ||| RETREEEEATING.
The wight attacks as it pursues you!
The wight hits you from afar with a +2 halberd.
The orc priest attacks as it pursues you!
The orc priest misses you.
Enter note:
6545 ||| RETREEEEATING.
The orc priest attacks as it pursues you!
The orc priest misses you.
Enter note:
6546 ||| RETREEEEATING.
Enter note:
6547 ||| RETREEEEATING.
Enter note:
Enter note:
6548 ||| RETREEEEATING.
Enter note:
6549 ||| RETREEEEATING.
You shoot an arrow.
The arrow hits the orc priest but does no damage.
You shoot an arrow. The arrow hits the wight.
The wight is moderately damaged.
You shoot an arrow.
The arrow hits the wight but does no damage.
The wight is moderately damaged.
The wight hits you with a +2 halberd! The wight hits you with a +3 flail!
The wight hits you with a +2 halberd. The wight hits you with a +3 flail.
You die...

................#
........5o......#
.........o......#
..........z.o...#
................####.
..............o......
............z.o.####.
#####.########z.# #.
#..@zo# # #.##### #.#
#.# #.# #######.#
#.......# #.#######
#.#


You could see 2 wights, 2 orc priests and an orc.

Vanquished Creatures
  2 sky beasts
  An ice beast (D:7)
  A black bear (D:6)
  A bullfrog (D:4)
  2 scorpions
  6 wights
  2 bombardier beetles
  3 jellies
  2 hounds (D:5)
  An orc priest (D:4)
  5 iguanas
  7 orc wizards (D:6)
  Robin (D:3)
  15 gnolls
  9 adders
  2 ribbon worms
  2 dart slugs
  19 orcs
  6 endoplasms
  5 giant cockroaches
  19 goblins
  11 hobgoblins
  2 jackals (D:1)
  9 kobolds
  8 quokkas
  5 ball pythons
  4 bats
  5 frilled lizards
  5 rats
160 creatures vanquished.

Notes
Turn   | Place    | Note
-------+----------+-------------------------------------------
     0 | D:1      | qw the Djinni Hunter began the quest for the Orb.
     0 | D:1      | Reached XP level 1. HP: 18/18 MP: 0/0
     0 | D:1      | 0 ||| qw: Version: 0.3-a-136-gdd3b4e8
     0 | D:1      | 0 ||| qw: Game counter: 1227
     0 | D:1      | 0 ||| qw: Melee chars always use a shield: true
     0 | D:1      | 0 ||| qw: God list: Okawaru
     0 | D:1      | 0 ||| qw: Allow faded altars: false
     0 | D:1      | 0 ||| qw: Do Orc after clearing Dungeon:15 true
     0 | D:1      | 0 ||| qw: Do second Lair branch before Depths: true
     0 | D:1      | 0 ||| qw: Lair rune preference: random
     0 | D:1      | 0 ||| qw: Goals: Normal
     0 | D:1      | 0 ||| PLANNING D:1-11
   203 | D:1      | Reached XP level 2. HP: 23/23 MP: 0/0
   680 | D:1      | Reached skill level 4 in Ranged Weapons
   680 | D:1      | Reached XP level 3. HP: 28/28 MP: 0/0
   680 | D:1      | Learned a level 1 spell: Necrotise
   964 | D:1      | 964 ||| READING scroll labelled WUKIBU WUNARO.
   965 | D:1      | 965 ||| READING scroll labelled FOAFFU AREGU.
   965 | D:1      | 965 ||| IDENTIFYING cyan potion
   966 | D:1      | 966 ||| READING scroll labelled VAQEDO RYLO.
   967 | D:1      | 967 ||| READING scroll labelled KAHUB UFUCWANA.
   967 | D:1      | 967 ||| ENCHANTING +0 shortbow.
   968 | D:1      | 968 ||| READING scroll labelled IPLEIPH XYOSM.
   968 | D:1      | 968 ||| ENCHANTING +0 shortbow.
   969 | D:1      | 969 ||| DROPPING scroll of butterflies.
  1054 | D:2      | 1054 ||| STAIRDANCE
  1335 | D:2      | Reached skill level 3 in Fighting
  1335 | D:2      | Reached XP level 4. HP: 35/35 MP: 0/0
  1410 | D:2      | Found Foumusi's Magic Scroll Boutique.
  1413 | D:2      | 1413 ||| SHOPLISTING scroll of enchant armour (82 gold,
                  | have 70).
  1413 | D:2      | 1413 ||| BUYING scroll of identify (22 gold).
  1413 | D:2      | Bought a scroll of identify for 22 gold pieces
  1413 | D:2      | 1413 ||| BUYING scroll of identify (22 gold).
  1413 | D:2      | Bought a scroll of identify for 22 gold pieces
  1413 | D:2      | 1413 ||| BUYING scroll of identify (22 gold).
  1413 | D:2      | Bought a scroll of identify for 22 gold pieces
  1413 | D:2      | 1413 ||| SHOPLISTING scroll of teleportation (33 gold, have
                  | 4).
  1447 | D:2      | 1447 ||| READING 5 scrolls of identify.
  1447 | D:2      | 1447 ||| IDENTIFYING scroll labelled TEGHIL LUNYDD
  1959 | D:2      | 1959 ||| READING 4 scrolls of identify.
  1959 | D:2      | 1959 ||| IDENTIFYING pink potion
  1960 | D:2      | 1960 ||| READING 3 scrolls of identify.
  1960 | D:2      | 1960 ||| IDENTIFYING scroll labelled ALEKHE MAUN
  1961 | D:2      | 1961 ||| DROPPING scroll of revelation.
  1967 | D:3      | 1967 ||| PLANNING SEWER
  1967 | D:3      | 1967 ||| STAIRDANCE
  1971 | D:3      | 1971 ||| STAIRDANCE
  1982 | D:2      | Reached skill level 3 in Dodging
  1982 | D:2      | Reached XP level 5. HP: 33/40 MP: 0/0
  1982 | D:2      | Learned a level 2 spell: Call Imp
  2256 | D:3      | Found a hide-covered altar of Uskayaw.
  2373 | D:3      | Noticed Robin
  2389 | D:3      | Killed Robin
  2523 | D:3      | Found an ornate altar of the Wu Jian Council.
  2576 | D:3      | 2576 ||| RIP SEWER
  2595 | D:3      | 2595 ||| PLANNING D:1-11
  2790 | D:3      | 2790 ||| UPGRADING to +0 helmet.
  2795 | D:3      | 2795 ||| UPGRADING to ring of ice.
  2796 | D:3      | 2796 ||| READING 4 scrolls of identify.
  2796 | D:3      | 2796 ||| IDENTIFYING amethyst potion
  2797 | D:3      | 2797 ||| READING 3 scrolls of identify.
  2797 | D:3      | 2797 ||| IDENTIFYING scroll labelled MYTITE JAHAF
  2798 | D:3      | 2798 ||| DROPPING scroll of fog.
  2799 | D:3      | 2799 ||| DROPPING potion of brilliance.
  2849 | D:4      | 2849 ||| STAIRDANCE
  2895 | D:4      | 2895 ||| STAIRDANCE
  2947 | D:4      | 2947 ||| STAIRDANCE
  2989 | D:4      | 2989 ||| STAIRDANCE
  2995 | D:3      | HP: 9/40 [orc priest/+0 short sword (3)]
  2996 | D:3      | 2996 ||| READING scroll of teleportation.
  2996 | D:3      | HP: 3/40 [orc priest/+0 whip (6)]
  3150 | D:4      | Noticed a bullfrog
  3160 | D:4      | HP: 8/40 [bullfrog (6)]
  3161 | D:4      | Killed a bullfrog
  3162 | D:4      | Reached skill level 5 in Ranged Weapons
  3162 | D:4      | Reached XP level 6. HP: 10/46 MP: 0/0
  3312 | D:4      | Found Tavot's Weapon Shoppe.
  3317 | D:4      | Identified the +2 dagger of Arbitration {drain, *Slow Int+2
                  | Dex+2}
  3327 | D:4      | Reached skill level 1 in Armour
  3615 | D:4      | Reached XP level 7. HP: 34/51 MP: 0/0
  3615 | D:4      | Learned a level 3 spell: Fugue of the Fallen
  3706 | D:4      | 3706 ||| FLEEEEING.
  3913 | D:4      | Found Nekubb Arphu's Magic Scroll Shoppe.
  3921 | D:4      | 3921 ||| SHOPLISTING scroll of acquirement (520 gold, have
                  | 120).
  3921 | D:4      | 3921 ||| BUYING scroll of enchant armour (75 gold).
  3921 | D:4      | Bought a scroll of enchant armour for 75 gold pieces
  3921 | D:4      | 3921 ||| BUYING scroll of identify (20 gold).
  3921 | D:4      | Bought a scroll of identify for 20 gold pieces
  3921 | D:4      | 3921 ||| SHOPLISTING scroll of teleportation (30 gold, have
                  | 25).
  3921 | D:4      | 3921 ||| READING scroll of enchant armour.
  3921 | D:4      | 3921 ||| ENCHANTING +0 helmet.
  4184 | D:4      | Found Giecugobb's Antique Armour Shoppe.
  4192 | D:4      | 4192 ||| SHOPLISTING dazzling robe (131 gold, have 25).
  4192 | D:4      | 4192 ||| SHOPLISTING pair of gloves (103 gold, have 25).
  4192 | D:4      | 4192 ||| SHOPLISTING ring mail (92 gold, have 25).
  4192 | D:4      | 4192 ||| SHOPLISTING runed cloak (172 gold, have 25).
  4192 | D:4      | 4192 ||| SHOPLISTING steam dragon scales (920 gold, have
                  | 25).
  4359 | D:5      | Entered Level 5 of the Dungeon
  4422 | D:5      | Reached skill level 6 in Ranged Weapons
  4562 | D:5      | 4562 ||| SWAPPING to +0 longbow.
  4563 | D:5      | 4563 ||| DROPPING +1 shortbow.
  4817 | D:5      | Reached XP level 8. HP: 58/58 MP: 0/0
  5105 | D:5      | 5105 ||| READING 7 scrolls of identify.
  5105 | D:5      | 5105 ||| IDENTIFYING murky yellow potion
  5106 | D:5      | 5106 ||| READING 6 scrolls of identify.
  5106 | D:5      | 5106 ||| IDENTIFYING sedimented orange potion
  5107 | D:5      | 5107 ||| READING 5 scrolls of identify.
  5107 | D:5      | 5107 ||| IDENTIFYING grey potion
  5108 | D:5      | 5108 ||| READING 4 scrolls of identify.
  5108 | D:5      | 5108 ||| IDENTIFYING scroll labelled BECROK AMOERIZER
  5109 | D:5      | 5109 ||| DROPPING scroll of immolation.
  5110 | D:5      | 5110 ||| DROPPING potion of magic.
  5204 | D:6      | 5204 ||| FLEEEEING.
  5205 | D:6      | 5205 ||| FLEEEEING.
  5206 | D:6      | 5206 ||| FLEEEEING.
  5207 | D:6      | 5207 ||| FLEEEEING.
  5208 | D:6      | 5208 ||| FLEEEEING.
  5209 | D:6      | 5209 ||| FLEEEEING.
  5210 | D:6      | 5210 ||| FLEEEEING.
  5211 | D:6      | 5211 ||| FLEEEEING.
  5212 | D:6      | 5212 ||| FLEEEEING.
  5215 | D:6      | 5215 ||| FLEEEEING.
  5287 | D:6      | Reached skill level 7 in Ranged Weapons
  5386 | D:6      | 5386 ||| RETREEEEATING.
  5427 | D:6      | HP: 9/59 [gnoll/+0 club (8)]
  5428 | D:6      | 5428 ||| DRINKING potion of heal wounds.
  5893 | D:6      | Reached XP level 9. HP: 37/65 MP: 0/0
  5893 | D:6      | Learned a level 3 spell: Passwall
  6042 | D:6      | Reached skill level 8 in Ranged Weapons
  6295 | D:6      | 6295 ||| READING 3 scrolls of identify.
  6295 | D:6      | 6295 ||| IDENTIFYING emerald potion
  6296 | D:6      | 6296 ||| READING 2 scrolls of identify.
  6296 | D:6      | 6296 ||| IDENTIFYING scroll labelled LUATRONKOURCH
  6297 | D:6      | 6297 ||| DROPPING potion of attraction.
  6298 | D:6      | 6298 ||| DROPPING scroll of vulnerability.
  6540 | D:7      | Reached skill level 6 in Dodging
  6540 | D:7      | 6540 ||| RETREEEEATING.
  6541 | D:7      | 6541 ||| RETREEEEATING.
  6542 | D:7      | 6542 ||| RETREEEEATING.
  6543 | D:7      | 6543 ||| RETREEEEATING.
  6544 | D:7      | 6544 ||| RETREEEEATING.
  6545 | D:7      | 6545 ||| RETREEEEATING.
  6546 | D:7      | 6546 ||| RETREEEEATING.
  6547 | D:7      | 6547 ||| RETREEEEATING.
  6548 | D:7      | 6548 ||| RETREEEEATING.
  6549 | D:7      | 6549 ||| RETREEEEATING.
  6552 | D:7      | HP: 5/65 [wight/+3 flail (13)]
  6552 | D:7      | HP: 1/65 [wight/+2 halberd (4)]
  6552 | D:7      | Slain by a wight

Levels and vault maps discovered:
D:1:      dpeg_arrival_three_smaller_balls, layout_loops_corners,
          nicolae_eternal_life
D:2:      layout_basic, serial_shops, nicolae_shop_real_fake_doors,
          chequers_serial_rivers_micro_b, minmay_randomly_rotated_circles
D:3:      layout_basic, mainiacjoe_overflow_paths,
          mainiacjoe_overflow_divided_tiny, portal_sewer_entry_f, uniq_robin
D:4:      cheibrodos_greedy_goblins, layout_loops_ring, serial_shops, shop,
          shop, shop
D:5:      layout_loops_ring
D:6:      layout_loops_cross, minmay_misc_feat_secret_circle
D:7:      layout_basic, minmay_temple_entry_drinking_statues,
          grunt_decor_mini_mirrors

Skill      XL: |  1  2  3  4  5  6  7  8  9 |
---------------+----------------------------+-----
Ranged Weapons | 4 5 6 7 8 |  8.0
Fighting       | 3 4 5 |  5.1
Dodging        | 3 4 5 6 |  6.2
Armour         | 1 |  1.6
Stealth        | |  0.7

Action                     |  1- 3 |  4- 6 |  7- 9 || total
---------------------------+-------+-------+-------++-------
   Fire: Shortbow          |    97 |   194 |    90 ||   381
         Longbow           |       |       |   182 ||   182
    Use: Scroll            |     5 |     6 |     7 ||    18
         Potion            |       |       |     1 ||     1
 Armour: Leather armour    |    24 |    63 |   112 ||   199
  Dodge: Dodged            |    29 |    87 |   109 ||   225

Table legend:
 A = Non-vault XP
 B = Vault XP
 C = Vault XP percentage of total XP
 D = Non-vault monster count
 E = Vault monster count
 F = Vault count percentage of total count
                 A         B        C        D         E       F
            +---------+---------+-------+---------+---------+-------
      Total |    2495 |      63 |   2.5 |     134 |      26 |  16.2
            +---------+---------+-------+---------+---------+-------
        D:1 |      39 |       0 |   0.0 |      21 |       0 |   0.0
        D:2 |      98 |      10 |   9.3 |      15 |       6 |  28.6
        D:3 |      72 |      41 |  36.3 |      24 |      14 |  36.8
        D:4 |     514 |      12 |   2.3 |      19 |       6 |  24.0
        D:5 |     371 |       0 |   0.0 |      15 |       0 |   0.0
        D:6 |    1200 |       0 |   0.0 |      38 |       0 |   0.0
        D:7 |     201 |       0 |   0.0 |       2 |       0 |   0.0
            +---------+---------+-------+---------+---------+-------
